 Dungeon Crawl Stone Soup version 0.26-a0-540-g8a0c9464d7 (webtiles) character file.

Game seed: 17504371211382742629

639322 vurker the Timeless (level 27, -9/197 HPs)
             Began as a Gnoll Necromancer on Aug 24, 2020.
             Was a High Priest of Cheibriados.
             Killed from afar by an orb of fire (14 damage)
             ... with a bolt of fire
             ... on level 5 of the Realm of Zot.
             The game lasted 02:14:34 (76396 turns).

vurker the Timeless (Gnoll Necromancer)            Turns: 76396, Time: 02:14:34

Health: -9/197     AC: 35    Str: 26    XL:     27
Magic:  33/45      EV: 17    Int: 39    God:    Cheibriados [*****.]
Gold:   3540       SH: 23    Dex: 23    Spells: 45/63 levels left

rFire    + + .     SeeInvis +   U - +9 demon trident (vamp)
rCold    + + .     Faith    .   b - +0 tower shield of Springtime {rElec rCorr Dex-5}
rNeg     . . .     Spirit   .   h - +4 gold dragon scales
rPois    +         Reflect  .   g - +0 hat
rElec    +         Harm     .   X - scarf {rC+ rF+}
rCorr    +                      m - +4 pair of gloves "Otuud" {rC- Str+4 SInv Stlth+}
MR       ++++.                  w - +0 pair of boots
Stlth    ..........             J - amulet of Pantheism {rPois MR+ Regen+ Str-3}
HPRegen  1.62/turn              A - ring of see invisible
MPRegen  0.29/turn              W - ring "Nomog" {rElec rC+ MR+ Stlth-}

@: lightly drained, very slow
A: distributed training, antennae 1, fangs 1, slimy green scales 1, blink, dopey
1, frail 1, regeneration 2, weak 1, subdued magic 1, strong nose
}: 3/15 runes: decaying, serpentine, silver
a: Blink, Bend Time, Temporal Distortion, Slouch, Step From Time, Renounce
Religion


You were on level 5 of the Realm of Zot.
You worshipped Cheibriados.
Cheibriados was extremely pleased with you.
You visited 9 branches of the dungeon, and saw 49 of its levels.
You also visited: Trove, Gauntlet, Ice Cave and Wizlab.

You collected 7447 gold pieces.
You spent 3907 gold pieces at shops.

Inventory:

Hand Weapons
 a - a +9 demon trident of flaming
   (You took it off Urug on level 14 of the Dungeon)
 j - a +2 broad axe of flaming
   (You took it off a vault guard on level 2 of the Vaults)
 U - a +9 vampiric demon trident (weapon)
   (You took it off a red devil on level 2 of the Depths)
Armour
 b - the +0 tower shield of Springtime (worn) {rElec rCorr Dex-5}
   (You found it in a treasure trove)

   It affects your dexterity (-5).
   It insulates you from electricity.
   It provides partial protection from all sources of acid and corrosion.
 g - a +0 hat (worn)
   (You found it on level 3 of the Vaults)
 h - +4 gold dragon scales (worn)
   (You found it on level 5 of the Depths)
 m - the +4 pair of gloves "Otuud" (worn) {rC- Str+4 SInv Stlth+}
   (You found it on level 5 of the Vaults)

   It affects your strength (+4).
   It makes you vulnerable to cold.
   It lets you see invisible.
   It makes you more stealthy.
 w - a +0 pair of boots (worn)
   (You found it on level 10 of the Dungeon)
 X - a scarf of resistance (worn)
   (You found it on level 12 of the Dungeon)
Jewellery
 s - an uncursed amulet of reflection
   (You found it on level 4 of the Dungeon)
 A - a ring of see invisible (left hand)
   (You found it on level 8 of the Dungeon)
 E - an uncursed ring of protection from fire
   (You found it on level 3 of the Elven Halls)
 J - the amulet of Pantheism (around neck) {rPois MR+ Regen+ Str-3}
   (You bought it in a shop on level 1 of the Snake Pit)

   [amulet of regeneration]

   It affects your strength (-3).
   It protects you from poison.
   It affects your resistance to hostile enchantments.
   It increases your rate of regeneration.
 O - a +4 ring of protection
   (You found it on level 6 of the Lair of Beasts)
 W - the ring "Nomog" (right hand) {rElec rC+ MR+ Stlth-}
   (You found it on level 3 of the Elven Halls)

   [ring of attention]

   It protects you from cold.
   It insulates you from electricity.
   It affects your resistance to hostile enchantments.
   It makes you less stealthy.
 Z - an uncursed ring of resist corrosion
   (You found it on level 3 of the Elven Halls)
Wands
 c - a wand of disintegration (30)
   (You found it on level 10 of the Dungeon)
 d - a wand of iceblast (64)
   (You found it on level 8 of the Dungeon)
 l - a wand of enslavement (16)
   (You found it on level 1 of the Vaults)
 u - a wand of paralysis (34)
   (You found it in a Gauntlet)
 v - a wand of digging (10)
   (You found it on level 2 of the Lair of Beasts)
 x - a wand of acid (1)
   (You found it on level 5 of the Lair of Beasts)
Scrolls
 e - 18 scrolls of teleportation
 f - 4 scrolls of magic mapping
 k - a scroll of enchant weapon
 n - 19 scrolls of fear
 o - 5 scrolls of fog
 r - 31 scrolls of remove curse
 t - 3 scrolls of silence
 y - 4 scrolls of vulnerability
 D - a scroll of blinking
 F - 8 scrolls of amnesia
 G - 8 scrolls of summoning
 H - 14 scrolls of identify
 K - a scroll of holy word
 N - 11 scrolls of immolation
Potions
 i - 27 potions of curing
 z - 4 potions of resistance
 B - 9 potions of ambrosia
 C - 3 potions of might
 I - 3 potions of flight
 M - 3 potions of invisibility
 P - 5 potions of brilliance
 Q - 9 potions of lignification
 S - 4 potions of mutation
 V - a potion of magic


   Skills:
 + Level 18.4(18.0) Fighting
 + Level 18.4(18.0) Short Blades
 + Level 18.4(18.0) Long Blades
 + Level 18.4(18.0) Axes
 + Level 18.4(18.0) Maces & Flails
 + Level 18.4(18.0) Polearms
 + Level 18.4(18.0) Staves
 + Level 18.4(18.0) Slings
 + Level 18.4(18.0) Bows
 + Level 18.4(18.0) Crossbows
 + Level 18.4(18.0) Throwing
 + Level 18.4(18.0) Armour
 + Level 18.8(18.4) Dodging
 + Level 18.7(18.3) Stealth
 + Level 18.4(18.0) Shields
 + Level 18.4(18.0) Unarmed Combat
 + Level 18.9(18.4) Spellcasting
 + Level 15.9(15.5) Conjurations
 + Level 15.9(15.5) Hexes
 + Level 15.9(15.5) Summonings
 + Level 17.0(16.6) Necromancy
 + Level 15.9(15.5) Translocations
 + Level 15.9(15.5) Transmutations
 + Level 15.9(15.5) Fire Magic
 + Level 15.9(15.5) Ice Magic
 + Level 15.9(15.5) Air Magic
 + Level 15.9(15.5) Earth Magic
 + Level 15.9(15.5) Poison Magic
 + Level 19.8(19.3) Invocations
 + Level 18.4(18.0) Evocations


You had 45 spell levels left.
You knew the following spells:

 Your Spells              Type           Power        Failure   Level
a - Shatter               Erth           #######...   100%        9
c - Poisonous Vapours     Pois/Air       ######       1%          2
q - Olgreb's Toxic Radia  Pois           #######.     1%          4
w - Ignite Poison         Fire/Tmut/Pois #######.     1%          3

Your spell library contained the following spells:

 Spells                   Type           Power        Failure   Level
 Animate Skeleton         Necr           ######       1%          1
 Beastly Appendage        Tmut           ######       1%          1
 Corona                   Hex            #######      1%          1
 Foxfire                  Conj/Fire      ####         1%          1
 Freeze                   Ice            ####         1%          1
 Magic Dart               Conj           ####         1%          1
 Pain                     Necr           ####         1%          1
 Sandblast                Erth           ######       1%          1
 Shock                    Conj/Air       ####         1%          1
 Sting                    Tmut/Pois      ####         1%          1
 Summon Small Mammal      Summ           ####         1%          1
 Blink                    Tloc           N/A          1%          2
 Call Imp                 Summ           #######.     1%          2
 Ensorcelled Hibernation  Hex/Ice        ######       1%          2
 Passwall                 Tmut/Erth      #######.     1%          2
 Searing Ray              Conj           ######       1%          2
 Slow                     Hex            #######.     1%          2
 Sublimation of Blood     Necr           #######...   1%          2
 Swiftness                Air            #######.     1%          2
 Wereblood                Tmut           #######.     1%          2
 Call Canine Familiar     Summ           #######.     1%          3
 Confusing Touch          Hex            #######.     1%          3
 Conjure Flame            Conj/Fire      #######.     1%          3
 Dazzling Flash           Conj/Hex       ######       1%          3
 Frozen Ramparts          Ice            ######       1%          3
 Gell's Gravitas          Tloc           #######...   1%          3
 Inner Flame              Hex/Fire       #######.     1%          3
 Mephitic Cloud           Conj/Pois/Air  #######.     1%          3
 Ozocubu's Armour         Ice            #######.     1%          3
 Portal Projectile        Hex/Tloc       ######       1%          3
 Spider Form              Tmut/Pois      #######...   1%          3
 Static Discharge         Conj/Air       #######.     1%          3
 Stone Arrow              Conj/Erth      ######       1%          3
 Summon Guardian Golem    Hex/Summ       #######.     1%          3
 Tukima's Dance           Hex            #######.     1%          3
 Vampiric Draining        Necr           #######...   1%          3
 Airstrike                Air            #######...   1%          4
 Animate Dead             Necr           #######...   1%          4
 Cause Fear               Hex            #######...   1%          4
 Fulminant Prism          Conj/Hex       #######...   1%          4
 Hailstorm                Conj/Ice       #######.     1%          4
 Ice Form                 Ice/Tmut       #######.     1%          4
 Iskenderun's Mystic Bla  Conj/Tloc      #######.     1%          4
 Leda's Liquefaction      Hex/Erth       #######...   1%          4
 Petrify                  Tmut/Erth      #######.     1%          4
 Sticky Flame             Conj/Fire      #######.     1%          4
 Summon Ice Beast         Ice/Summ       #######.     1%          4
 Summon Lightning Spire   Summ/Air       #######.     1%          4
 Agony                    Necr           #######.     1%          5
 Alistair's Intoxication  Tmut/Pois      #######..    1%          5
 Blade Hands              Tmut           #######...   1%          5
 Borgnjor's Vile Clutch   Necr/Erth      #######...   1%          5
 Fireball                 Conj/Fire      #######...   1%          5
 Irradiate                Conj/Tmut      #######...   1%          5
 Lee's Rapid Deconstruct  Erth           #######...   1%          5
 Lightning Bolt           Conj/Air       #######...   1%          5
 Metabolic Englaciation   Hex/Ice        #######...   1%          5
 Silence                  Hex/Air        #######...   1%          5
 Summon Demon             Summ           #######...   1%          5
 Summon Forest            Summ/Tloc      #######...   1%          5
 Summon Mana Viper        Hex/Summ       #######.     1%          5
 Yara's Violent Unravell  Hex/Tmut       #######...   1%          5
 Simulacrum               Ice/Necr       #######...   5%          6
 Conjure Ball Lightning   Conj/Air       #######...   7%          6
 Dispersal                Tloc           #######...   7%          6
 Eringya's Noxious Bog    Tmut/Pois      #######...   7%          6
 Freezing Cloud           Conj/Ice/Air   #######...   7%          6
 Hydra Form               Tmut           #######...   7%          6
 Shadow Creatures         Summ           N/A          7%          6
 Statue Form              Tmut/Erth      #######..    7%          6
 Dragon Form              Tmut           #######...   38%         7
 Malign Gateway           Summ/Tloc      #######...   38%         7
 Monstrous Menagerie      Summ           #######...   38%         7
 Summon Greater Demon     Summ           #######...   38%         7
 Summon Hydra             Summ           #######...   38%         7
 Chain Lightning          Conj/Air       #######...   98%         8
 Controlled Blink         Tloc           N/A          98%         8
 Discord                  Hex            #######...   98%         8
 Disjunction              Tloc           #######...   98%         8
 Ignition                 Fire           #######...   98%         8
 Lehudib's Crystal Spear  Conj/Erth      #######...   98%         8
 Summon Horrible Things   Summ           #######...   98%         8
 Absolute Zero            Ice            #######...   100%        9
 Dragon's Call            Summ           #######...   100%        9
 Fire Storm               Conj/Fire      #######...   100%        9
 Tornado                  Air            #######...   100%        9


Dungeon Overview and Level Annotations

Branches:
Dungeon (15/15)            Temple (0/1) D:7            Lair (6/6) D:11
  Swamp (4/4) Lair:4        Snake (4/4) Lair:2        Slime (0/5) Lair:5
    Orc (2/2) D:10            Elf (3/3) Orc:2        Vaults (5/5) D:13
  Crypt (0/3) Vaults:3     Depths (5/5) D:15            Zot (5/5) Depths:5
  IceCv (visited)          WizLab (visited)         Gauntlet (visited)

Altars:
Cheibriados
Dithmenos
Fedhas
Gozag
Hepliaklqana
Kikubaaqudgha
Qazlal
Sif Muna
Trog
Uskayaw
Yredelemnul
Zin
The Shining One
Beogh
Lugonu

Shops:
D:4 =   D:12 [   Orc:2 [?(!   Elf:1 (   Elf:3 !   Snake:1 }}=   Snake:2 [*
Snake:3 *   Snake:4 (   Vaults:2 **:   Vaults:5 }   Depths:1 (

Portals:
Hell: Depths:1 Depths:2 Depths:3 Depths:4 Depths:5
Abyss: Depths:2 Depths:3 Depths:4
Pandemonium: Depths:3 Depths:4
Ziggurat: Depths:5

Annotations:
D:7 5 runed translucent doors
D:11 3 runed translucent doors, Dorghaci's ghost, journeyman MiFi
Lair:3 exclusion: 3 oklob plants
Lair:5 exclusion: 4 oklob plants
Swamp:3 Bai Suzhen
Snake:2 Roxanne
Depths:1 exclusion: orange crystal statue


Innate Abilities, Weirdness & Mutations

Your experience applies equally to all skills.
You have very sharp teeth.
Your uncanny sense of smell can sniff out nearby items.
You have a pair of small antennae on your head.
You are partially covered in slimy green scales. (AC +2)
You can translocate small distances at will.
You are dopey. (Int -2)
You are frail. (-10% HP)
You heal very quickly.
You are weak. (Str -2)
Your spells are a little easier to cast, but a little less powerful.


Message History

You puncture the orb of fire! Your bite misses the orb of fire.
You block the Killer Klown's attack.
You miss the orb of fire.
The Killer Klown blinks!
The ancient lich launches a ball of destructive magic.
The wavering orb of destruction weakly hits you!!!
* * * LOW HITPOINT WARNING * * *
You block the Killer Klown's attack.
Okay, then.
Unknown command.
Okay, then.
Unknown command.
Unknown command.
Unknown command.
Unknown command.
Okay, then.
You fade into invisibility!
You block the ancient lich's attack.
The Killer Klown throws klown pie at you.
The klown pie hits you.
Plum!
You feel light-headed.
* * * LOW HITPOINT WARNING * * *
The ancient lich touches you.
* * * LOW HITPOINT WARNING * * *
You feel drained.
* * * LOW HITPOINT WARNING * * *
You are very lightly contaminated with residual magic.
Unknown command.
Unknown command.
Unknown command.
Okay, then.
Your magical effects are unravelling.
You feel magically purged.
Your magical contamination has completely faded away.
You flicker back into view.
You feel a little less mighty now.
Your hearing returns.
The world stops spinning.
The Killer Klown throws klown pie at you.
You block the klown pie. You block the ancient lich's attack.
The orb of fire glows red.
The bolt of fire hits you!! You resist.
* * * LOW HITPOINT WARNING * * *
A moth of wrath comes into view.
Unknown command.
Your blink will be uncontrolled - continue anyway?
The Orb prevents control of your translocation!
You blink.
As you read the scroll of blinking, it crumbles to dust.
The orb of fire glows bright magenta.
The bolt of fire hits you! You resist.
You die...

##......###....#
##...##...#......
#####...####.....##..
......## ##...####.
#....## ##...## ##
..... ##...## ##.
#...## #...## ##..
#....###..## ##...
#@.#.##..# ##...#
#...# #..# #...##
##.<.###..####..##
#...............#
#.p†............#
##L§####..####..#
#..*####... ####
#..p......#
##.X......#


You could see an orb of fire, 2 Killer Klowns and an ancient lich (fast).

Vanquished Creatures
  5 ancient liches
  4 orbs of fire
  A juggernaut (Depths:5)
  Sojobo (Depths:4)
  6 Killer Klowns
  Margery (Vaults:5)
  Nikola (Swamp:4)
  4 caustic shrikes (Depths:1)
  15 golden dragons
  Jory (Vaults:4)
  2 electric golems
  Rupert (Lair:4)
  8 Orb Guardians
  21 tentacled monstrosities
  A lich (Depths:5)
  Jorgrun (Swamp:2)
  2 deep elf blademasters (Elf:3)
  5 titans
  4 quicksilver dragons
  2 deep elf master archers (Elf:3)
  7 death cobs
  An ancient champion (WizLab)
  Frances (Snake:1)
  Kirke (Swamp:3)
  9 shadow dragons
  10 tengu reavers
  A sphinx (Depths:2)
  Donald (Swamp:2)
  2 thorn hunters
  A daeva (Depths:3)
  6 draconian monks
  10 storm dragons
  9 nagarajas
  An iron dragon (Vaults:5)
  10 fire giants
  8 frost giants
  9 draconian scorchers
  4 ghost moths
  14 vault wardens
  2 draconian shifters
  A balrug (Depths:2)
  Louise (D:14)
  6 draconian knights
  4 deep elf elementalists
  12 deep elf sorcerers
  A spriggan defender (Depths:4)
  An orc warlord (Orc:2)
  15 ironheart preservers
  An angel (Depths:3)
  4 draconian stormcallers
  8 draconian annihilators
  A war gargoyle (Vaults:5)
  19 stone giants
  19 very ugly things
  3 entropy weavers
  4 vampire knights
  12 deep elf demonologists
  17 green draconians
  2 large abominations (Elf:1)
  A minotaur (Gauntlet)
  10 white draconians
  15 spark wasps
  11 yellow draconians
  10 purple draconians
  11 deep elf annihilators
  9 black draconians
  8 red draconians
  A spark wasp (shapeshifter) (Depths:2)
  8 deep elf death magi
  15 ettins
  2 blizzard demons (IceCv)
  A crystal guardian (Vaults:5)
  21 yaktaur captains
  Fannar (Lair:1)
  4 deep elf high priests
  23 hydras
  15 fire dragons
  10 great orbs of eyes
  4 spriggan air magi
  15 naga warriors
  5 rakshasas
  2 shambling mangroves
  28 vault guards
  A hell beast (Depths:1)
  8 ice dragons
  4 catoblepae
  3 ghost crabs
  An anaconda (shapeshifter) (Vaults:3)
  11 centaur warriors
  Erica (D:14)
  4 anacondas
  8 alligators
  A death knight (D:12)
  8 deep troll shamans
  27 dancing weapons
  6 tengu warriors
  32 two-headed ogres
  36 death yaks
  A vampire mage (Depths:1)
  6 deep troll earth magi
  11 ogre magi
  Urug (D:14)
  6 orc high priests
  2 small abominations
  3 spriggan berserkers (Depths:5)
  9 naga sharpshooters
  A soul eater (Depths:1)
  28 deep elf knights
  9 shock serpents
  3 hell knights (Vaults:5)
  11 skeletal warriors
  A shadow wraith (Vaults:2)
  2 salamander mystics
  10 wizards
  A sea snake (shapeshifter) (Depths:3)
  A fire crab (Lair:4)
  An iron troll (Depths:1)
  6 unseen horrors
  5 swamp dragons (Swamp:4)
  2 glowing orange brains
  2 shadow demons (Elf:3)
  4 naga ritualists
  26 deep trolls
  10 orc knights
  An orange crystal statue (Depths:2)
  3 necromancers
  2 flayed ghosts
  29 deep elf archers
  A wolf spider zombie (D:13)
  8 phantasmal warriors
  4 mana vipers
  11 harpies
  11 ironbrand convokers
  89 deep elf magi
  4 wolf spiders
  2 manticores (shapeshifter) (Vaults:5)
  41 ugly things
  7 cyclopes
  7 orc sorcerers
  A fire giant zombie (Vaults:4)
  A frost giant skeleton (Depths:1)
  2 manticores (Lair:6)
  12 salamanders
  33 black mambas
  21 naga magi
  3 elephants (Lair:5)
  24 moths of wrath
  A black mamba (shapeshifter) (D:15)
  11 vault sentinels
  An ice statue (IceCv)
  2 centaur zombies
  A cane toad (shapeshifter) (D:13)
  An eye of devastation (shapeshifter) (Vaults:3)
  A torpor snail (Lair:3)
  5 guardian serpents
  A rust devil (Depths:1)
  14 cane toads
  A yaktaur zombie (Depths:1)
  An efreet (D:15)
  A spark wasp simulacrum (Depths:1)
  4 kobold demonologists
  A rime drake (shapeshifter) (Vaults:3)
  3 anaconda simulacra (IceCv)
  2 rime drakes
  7 komodo dragons
  10 freezing wraiths
  68 yaktaurs
  5 tengu conjurers
  2 yaktaur skeletons
  7 ice devils (IceCv)
  A hellwing (Depths:2)
  A red devil (Depths:2)
  5 trolls
  A jumping spider (Vaults:5)
  A queen bee (Lair:2)
  A wind drake (shapeshifter) (Vaults:3)
  6 bog bodies
  6 tyrant leeches
  A tengu simulacrum (Vaults:4)
  A polar bear (Lair:4)
  11 hornets
  18 dream sheep
  25 blink frogs
  30 slime creatures
  15 hippogriffs
  An ettin zombie (Vaults:4)
  3 redbacks
  4 wraiths
  2 air elementals (Elf:1)
  A shadow (D:14)
  A tarantella (Vaults:1)
  9 water elementals
  6 spriggans
  A yak (shapeshifter) (Depths:2)
  3 wyverns
  2 fire elementals
  5 vampires
  3 hogs (Swamp:3)
  54 yaks
  2 dire elephant simulacra (IceCv)
  3 basilisks
  8 vampire mosquitoes
  4 harpy simulacra (IceCv)
  8 wargs
  4 two-headed ogre zombies (WizLab)
  17 insubstantial wisps
  22 swamp worms
  2 hydra simulacra (IceCv)
  2 iron troll simulacra (IceCv)
  61 nagas
  3 acid dragons
  A floating eye (Depths:4)
  2 hell hounds
  A soldier ant (D:13)
  18 water moccasins
  7 porcupines
  12 swamp drakes
  44 orc warriors
  A black bear (shapeshifter) (D:15)
  9 ice beasts
  4 black bears
  A deep troll skeleton (Vaults:4)
  4 sky beasts
  2 ettin simulacra (IceCv)
  2 necrophages
  35 ogres
  4 phantoms
  13 boggarts
  21 centaurs
  2 eyes of draining
  A wolf (Lair:3)
  18 crocodiles
  3 big kobolds
  3 earth elementals
  19 bullfrogs
  A deep troll simulacrum (Vaults:3)
  5 scorpions
  6 troll zombies (WizLab)
  46 killer bees
  22 wights
  2 howler monkeys (D:9)
  A crimson imp (Depths:3)
  2 lava snakes (Lair:5)
  2 bullfrog zombies (D:5)
  A draconian simulacrum (IceCv)
  7 hounds
  34 orc priests
  A gnoll shaman (D:7)
  27 orc wizards
  A quasit (D:9)
  Crazy Yiuf (D:6)
  2 jellies
  3 centaur skeletons
  6 iguanas
  An iron imp (Gauntlet)
  A hell rat (D:11)
  Natasha (thrice) (D:2)
  2 troll simulacra (IceCv)
  9 worker ants
  4 polar bear simulacra (IceCv)
  2 spriggan simulacra (IceCv)
  7 ogre zombies (WizLab)
  A centaur simulacrum (IceCv)
  2 hound zombies
  4 hound skeletons
  Robin (D:2)
  6 gnolls
  15 adders
  An ogre simulacrum (IceCv)
  2 shadow imps
  12 white imps
  7 ufetubi
  2 adder skeletons
  An adder zombie (D:5)
  4 dart slugs
  2 leopard geckos
  122 orcs
  A ball python (D:2)
  11 bats
  5 giant cockroaches
  18 goblins
  6 hobgoblins
  12 jackals
  2 quokkas
  7 frilled lizards
  A jackal skeleton (D:6)
  9 kobolds
  A leopard gecko skeleton (D:4)
  11 rats
  A butterfly (Lair:6)
  A crawling corpse (Elf:1)
  2 plants
2384 creatures vanquished.

Vanquished Creatures (others)
  A nagaraja (Snake:3)
  A dancing weapon (Elf:1)
  A naga sharpshooter (Snake:4)
  A deep elf knight (Vaults:2)
  2 deep elf magi
  A vampire mosquito (Swamp:1)
  An ogre (Depths:4)
  A crocodile (Lair:5)
  An electric eel (D:12)
  5 fungi
  15 plants
  A withered plant (Gauntlet)
31 creatures vanquished.

Grand Total: 2415 creatures vanquished

Notes
Turn   | Place    | Note
-------+----------+-------------------------------------------
     0 | D:1      | vurker the Gnoll Necromancer began the quest for the Orb.
     0 | D:1      | Reached XP level 1. HP: 13/13 MP: 6/6
   157 | D:1      | Reached XP level 2. HP: 19/19 MP: 5/7
   713 | D:1      | Reached XP level 3. HP: 24/25 MP: 6/9
   810 | D:1      | Reached skill level 5 in Spellcasting
  1474 | D:1      | Reached skill level 1 in Invocations
  1757 | D:2      | Noticed Natasha
  1765 | D:2      | Killed Natasha
  1765 | D:2      | Reached skill level 1 in Fighting
  1765 | D:2      | Reached skill level 1 in Short Blades
  1765 | D:2      | Reached skill level 1 in Long Blades
  1765 | D:2      | Reached skill level 1 in Axes
  1765 | D:2      | Reached skill level 1 in Maces & Flails
  1765 | D:2      | Reached skill level 1 in Polearms
  1765 | D:2      | Reached skill level 1 in Staves
  1765 | D:2      | Reached skill level 1 in Slings
  1765 | D:2      | Reached skill level 1 in Bows
  1765 | D:2      | Reached skill level 1 in Crossbows
  1765 | D:2      | Reached skill level 1 in Throwing
  1765 | D:2      | Reached skill level 1 in Armour
  1765 | D:2      | Reached skill level 1 in Shields
  1765 | D:2      | Reached skill level 1 in Unarmed Combat
  1765 | D:2      | Reached skill level 1 in Evocations
  1765 | D:2      | Reached XP level 4. HP: 17/32 MP: 7/11
  1828 | D:2      | Noticed Natasha
  1839 | D:2      | Killed Natasha
  1839 | D:2      | Reached skill level 1 in Conjurations
  1839 | D:2      | Reached skill level 1 in Hexes
  1839 | D:2      | Reached skill level 1 in Summonings
  1839 | D:2      | Reached skill level 1 in Translocations
  1839 | D:2      | Reached skill level 1 in Transmutations
  1839 | D:2      | Reached skill level 1 in Fire Magic
  1839 | D:2      | Reached skill level 1 in Ice Magic
  1839 | D:2      | Reached skill level 1 in Air Magic
  1839 | D:2      | Reached skill level 1 in Earth Magic
  1839 | D:2      | Reached skill level 1 in Poison Magic
  1853 | D:2      | Noticed Natasha
  1856 | D:2      | Killed Natasha
  1856 | D:2      | Reached XP level 5. HP: 18/37 MP: 5/12
  1934 | D:2      | Noticed Robin
  1938 | D:2      | Killed Robin
  2786 | D:2      | Found a snail-covered altar of Cheibriados.
  2841 | D:2      | Became a worshipper of Cheibriados the Contemplative
  3268 | D:3      | Reached skill level 2 in Invocations
  3268 | D:3      | Reached XP level 6. HP: 30/44 MP: 1/13
  3444 | D:3      | Found a hazy altar of Hepliaklqana.
  3646 | D:3      | Reached * piety under Cheibriados
  4026 | D:3      | Reached skill level 5 in Dodging
  4731 | D:4      | Found Uroahaoz's Jewellery Emporium.
  4900 | D:4      | Found a stormy altar of Qazlal.
  5122 | D:4      | Found a hide-covered altar of Uskayaw.
  5140 | D:4      | Reached XP level 7. HP: 23/50 MP: 9/15
  5327 | D:4      | Reached ** piety under Cheibriados
  5474 | D:4      | Reached skill level 5 in Stealth
  5829 | D:4      | Found a glowing silver altar of Zin.
  5829 | D:4      | Found an opulent altar of Gozag.
  5861 | D:4      | Reached skill level 3 in Invocations
  5944 | D:5      | Entered Level 5 of the Dungeon
  6085 | D:5      | Reached XP level 8. HP: 54/57 MP: 16/16
  6249 | D:5      | Reached *** piety under Cheibriados
  7416 | D:6      | Found an ancient bone altar of Kikubaaqudgha.
  7433 | D:6      | Reached skill level 4 in Invocations
  7480 | D:6      | Found a blossoming altar of Fedhas.
  7522 | D:6      | Found a glowing golden altar of the Shining One.
  7864 | D:6      | Reached XP level 9. HP: 16/64 MP: 7/18
  7964 | D:6      | Found a runed translucent door.
  7965 | D:6      | Noticed Crazy Yiuf
  8059 | D:6      | Reached **** piety under Cheibriados
  8173 | D:6      | Killed Crazy Yiuf
  8595 | D:7      | Found a staircase to the Ecumenical Temple.
  8634 | D:7      | Reached skill level 5 in Invocations
  8692 | D:7      | Reached ***** piety under Cheibriados
  8827 | D:7      | Reached XP level 10. HP: 60/72 MP: 20/20
  8946 | D:7      | Found the +9 staff of Olgreb {rPois∞}
  9201 | D:7      | Found a runed translucent door.
  9209 | D:7      | Found a runed translucent gate.
  9211 | D:7      | Found a runed translucent gate.
  9211 | D:7      | Found a runed translucent gate.
  9219 | D:7      | Found a runed translucent door.
  9294 | D:8      | Reached skill level 5 in Fighting
  9294 | D:8      | Reached skill level 5 in Short Blades
  9294 | D:8      | Reached skill level 5 in Long Blades
  9294 | D:8      | Reached skill level 5 in Axes
  9294 | D:8      | Reached skill level 5 in Maces & Flails
  9294 | D:8      | Reached skill level 5 in Polearms
  9294 | D:8      | Reached skill level 5 in Staves
  9294 | D:8      | Reached skill level 5 in Slings
  9294 | D:8      | Reached skill level 5 in Bows
  9294 | D:8      | Reached skill level 5 in Crossbows
  9294 | D:8      | Reached skill level 5 in Throwing
  9294 | D:8      | Reached skill level 5 in Armour
  9294 | D:8      | Reached skill level 5 in Shields
  9294 | D:8      | Reached skill level 5 in Unarmed Combat
  9294 | D:8      | Reached skill level 5 in Evocations
  9467 | D:8      | Found a shimmering blue altar of Sif Muna.
  9530 | D:8      | Noticed a two-headed ogre
  9537 | D:8      | Killed a two-headed ogre
  9653 | D:8      | Got a brightly glowing quarterstaff
  9654 | D:8      | Identified the +6 quarterstaff of Husaikhlo {vorpal,
                  | Stlth+} (You found it on level 8 of the Dungeon)
  9939 | D:9      | Found a shadowy altar of Dithmenos.
 10005 | D:9      | Got a smouldering fustibalus
 10006 | D:9      | Identified the cursed +2 fustibalus of Wicvuit {flame,
                  | rElec MP+9 Stlth-} (You found it on level 9 of the Dungeon)
 10063 | D:9      | Killed an unseen horror
 10063 | D:9      | Reached skill level 6 in Invocations
 10398 | D:9      | Noticed a two-headed ogre
 10408 | D:9      | HP: 3/75 [two-headed ogre/+0 giant spiked club (29)]
 10409 | D:9      | Killed a two-headed ogre
 10409 | D:9      | Reached XP level 11. HP: 4/80 MP: 22/22
 10686 | D:9      | Reached skill level 5 in Conjurations
 10686 | D:9      | Reached skill level 5 in Hexes
 10686 | D:9      | Reached skill level 5 in Summonings
 10686 | D:9      | Reached skill level 5 in Translocations
 10686 | D:9      | Reached skill level 5 in Transmutations
 10686 | D:9      | Reached skill level 5 in Fire Magic
 10686 | D:9      | Reached skill level 5 in Ice Magic
 10686 | D:9      | Reached skill level 5 in Air Magic
 10686 | D:9      | Reached skill level 5 in Earth Magic
 10686 | D:9      | Reached skill level 5 in Poison Magic
 11304 | D:9      | Learned a level 2 spell: Poisonous Vapours
 11307 | D:10     | Entered Level 10 of the Dungeon
 11639 | D:10     | Found a staircase to the Orcish Mines.
 11830 | D:10     | Noticed a two-headed ogre
 11839 | D:10     | Killed a two-headed ogre
 11839 | D:10     | Reached skill level 7 in Invocations
 12427 | D:11     | Noticed a phantasmal warrior
 12430 | D:11     | Noticed a death knight
 12430 | D:11     | Noticed a phantasmal warrior
 12431 | D:11     | Noticed a phantasmal warrior
 12479 | D:11     | Noticed a death yak
 12503 | D:12     | Killed a death yak
 12676 | D:12     | Noticed a red ugly thing
 12684 | D:12     | Killed a red ugly thing
 12723 | D:12     | Noticed a brown ugly thing
 12732 | D:12     | Killed a brown ugly thing
 12794 | D:11     | Noticed a death yak
 12795 | D:11     | Noticed a death yak
 12812 | D:12     | Killed a death yak
 13119 | D:11     | Reached XP level 12. HP: 89/89 MP: 12/24
 13409 | D:11     | Found a staircase to the Lair.
 13630 | D:12     | Killed a death knight
 13879 | D:11     | Killed a death yak
 14120 | Lair:1   | Entered Level 1 of the Lair of Beasts
 14525 | Lair:1   | Learned a level 4 spell: Olgreb's Toxic Radiance
 14529 | Lair:1   | Learned a level 3 spell: Ignite Poison
 14882 | Lair:1   | Noticed Fannar
 14889 | Lair:1   | Killed Fannar
 14889 | Lair:1   | Reached skill level 8 in Invocations
 15961 | Lair:2   | Got a heavily runed chain mail
 15972 | Lair:2   | Identified the cursed +1 chain mail of Instinct {Str+3
                  | Int+4} (You found it on level 2 of the Lair of Beasts)
 16413 | Lair:2   | Found a staircase to the Snake Pit.
 16520 | Lair:2   | Reached ****** piety under Cheibriados
 17511 | Lair:3   | Reached XP level 13. HP: 98/98 MP: 11/26
 18716 | Lair:4   | Found a bloodstained altar of Trog.
 18811 | Lair:4   | Reached skill level 9 in Invocations
 19087 | Lair:4   | Found a staircase to the Swamp.
 19438 | Lair:4   | Reached skill level 10 in Necromancy
 19682 | Lair:4   | Noticed Rupert
 19692 | Lair:4   | Killed Rupert
 20243 | Lair:5   | Reached skill level 10 in Spellcasting
 20409 | Lair:5   | Found a staircase to the Slime Pits.
 20525 | Lair:5   | Reached XP level 14. HP: 90/106 MP: 13/28
 20909 | Lair:5   | Reached skill level 10 in Dodging
 21214 | Lair:6   | Entered Level 6 of the Lair of Beasts
 21219 | Lair:6   | Reached skill level 10 in Stealth
 21219 | Lair:6   | Reached skill level 10 in Invocations
 21331 | Lair:6   | Found a gate leading to a gauntlet.
 21346 | Gauntlet | Entered a Gauntlet
 21346 | Gauntlet | Found a transporter.
 21355 | Gauntlet | Found a transporter.
 21358 | Gauntlet | Found a transporter.
 21368 | Gauntlet | Found a transporter.
 21376 | Gauntlet | Found a transporter.
 21391 | Gauntlet | Found a runed translucent door.
 21393 | Gauntlet | Found a transporter.
 21403 | Gauntlet | Found a transporter.
 21412 | Gauntlet | Identified the ring "Nizow" {rCorr Str+7}
 21413 | Gauntlet | Found a transporter.
 21418 | Gauntlet | Found a transporter.
 21420 | Gauntlet | Found a transporter.
 21421 | Gauntlet | Found a transporter.
 21452 | Gauntlet | Found a transporter.
 21502 | Gauntlet | Found a runed translucent door.
 21508 | Gauntlet | Found a transporter.
 21547 | Gauntlet | Found a transporter.
 21792 | Gauntlet | Got a scintillating bone ring
 21804 | Gauntlet | Identified the ring "Leneanev" {*Tele *Slow rC+ Dex+4 SInv}
                  | (You found it in a Gauntlet)
 23258 | Lair:6   | Reached XP level 15. HP: 115/115 MP: 29/29
 23569 | Lair:6   | Reached skill level 10 in Fighting
 23569 | Lair:6   | Reached skill level 10 in Short Blades
 23569 | Lair:6   | Reached skill level 10 in Long Blades
 23569 | Lair:6   | Reached skill level 10 in Axes
 23569 | Lair:6   | Reached skill level 10 in Maces & Flails
 23569 | Lair:6   | Reached skill level 10 in Polearms
 23569 | Lair:6   | Reached skill level 10 in Staves
 23569 | Lair:6   | Reached skill level 10 in Slings
 23569 | Lair:6   | Reached skill level 10 in Bows
 23569 | Lair:6   | Reached skill level 10 in Crossbows
 23569 | Lair:6   | Reached skill level 10 in Throwing
 23569 | Lair:6   | Reached skill level 10 in Armour
 23569 | Lair:6   | Reached skill level 10 in Shields
 23569 | Lair:6   | Reached skill level 10 in Unarmed Combat
 23569 | Lair:6   | Reached skill level 10 in Evocations
 24314 | Orc:1    | Entered Level 1 of the Orcish Mines
 24404 | Orc:1    | Reached skill level 11 in Invocations
 24991 | Orc:2    | Entered Level 2 of the Orcish Mines
 25590 | Orc:2    | Found a roughly hewn altar of Beogh.
 25775 | Orc:2    | Found Vaqoduck's Antique Weapon Boutique.
 25836 | Orc:2    | Found Ceogam's Distillery.
 26353 | Orc:2    | Paralysed by an orc sorcerer for 6 turns
 26616 | Orc:2    | Found a staircase to the Elven Halls.
 26821 | Orc:2    | Found Qato's Magic Scroll Emporium.
 26969 | Orc:2    | Noticed an orc warlord
 26974 | Orc:2    | Killed an orc warlord
 27087 | Orc:2    | Found a roughly hewn altar of Beogh.
 27215 | Orc:2    | Found Pudovem's Armour Shoppe.
 27291 | Orc:2    | Bought a +2 pair of gloves for 231 gold pieces
 27370 | Orc:2    | Reached XP level 16. HP: 108/123 MP: 26/31
 27810 | Orc:2    | Bought a slimy long sword for 204 gold pieces
 27810 | Orc:2    | Bought a jewelled hand crossbow for 204 gold pieces
 27810 | Orc:2    | Identified the +10 hand crossbow "Onkoqeim" {vorpal, rPois
                  | Str+2 Int-2} (You bought it in a shop on level 2 of the
                  | Orcish Mines)
 27811 | Orc:2    | Identified the +7 long sword of Zofyaq {vamp, Int+2 Dex+2
                  | SInv} (You bought it in a shop on level 2 of the Orcish
                  | Mines)
 27934 | Orc:2    | Bought a scroll of fear for 45 gold pieces
 27934 | Orc:2    | Bought a scroll of blinking for 97 gold pieces
 27934 | Orc:2    | Bought a scroll of enchant weapon for 97 gold pieces
 27934 | Orc:2    | Bought a scroll of enchant weapon for 97 gold pieces
 27934 | Orc:2    | Bought a scroll of fear for 45 gold pieces
 27934 | Orc:2    | Bought a scroll of teleportation for 39 gold pieces
 27934 | Orc:2    | Bought a scroll of enchant weapon for 97 gold pieces
 27993 | Orc:2    | Bought a potion of resistance for 120 gold pieces
 27993 | Orc:2    | Bought a potion of mutation for 96 gold pieces
 27993 | Orc:2    | Bought a potion of cancellation for 96 gold pieces
 27993 | Orc:2    | Bought a potion of might for 48 gold pieces
 27993 | Orc:2    | Bought a potion of mutation for 96 gold pieces
 28323 | D:11     | Found a runed translucent gate.
 28323 | D:11     | Found a runed translucent gate.
 28323 | D:11     | Found a runed translucent gate.
 28324 | D:11     | Noticed Dorghaci's ghost (journeyman MiFi)
 28325 | D:11     | Found an opulent altar of Gozag.
 28951 | D:12     | Got a masterwork flail
 28975 | D:12     | Identified the cursed +1 flail "Worhyar" {elec, rC+ Dex+5}
                  | (You found it on level 12 of the Dungeon)
 29226 | D:12     | Found Koley's Antique Armour Shop.
 29267 | D:12     | Bought a tower shield for 157 gold pieces
 29267 | D:12     | Bought a pair of embroidered gloves for 262 gold pieces
 29267 | D:12     | Bought a jewelled cloak for 332 gold pieces
 29267 | D:12     | Identified the +2 cloak of Resilience {*Slow rC++ MR+} (You
                  | bought it in a shop on level 12 of the Dungeon)
 29862 | D:13     | Found a gate to the Vaults.
 29998 | D:13     | Got a sapphire hunting sling
 30701 | D:14     | Noticed Erica
 30703 | D:14     | Noticed Louise
 30709 | D:14     | Killed Erica
 30709 | D:14     | Killed Louise
 30720 | D:14     | Noticed Urug
 30733 | D:14     | Killed Urug
 30925 | D:14     | Found a portal to a secret trove of treasure.
 31169 | D:15     | Entered Level 15 of the Dungeon
 31889 | D:15     | Found a staircase to the Depths.
 32168 | D:15     | Got a tattered robe
 32191 | D:15     | Found a large runed translucent door.
 32192 | D:15     | Found a large runed translucent door.
 32323 | D:15     | Found an opulent altar of Gozag.
 32327 | D:15     | Reached skill level 12 in Invocations
 32353 | D:15     | Found an opulent altar of Gozag.
 32659 | Swamp:1  | Entered Level 1 of the Swamp
 32920 | Snake:1  | Entered Level 1 of the Snake Pit
 32952 | Snake:1  | You fall into a shaft and drop 1 floor!
 33117 | Snake:2  | Found Rufiawe's General Store.
 33124 | Snake:2  | Bought a scroll of fear for 42 gold pieces
 33124 | Snake:2  | Bought a scroll of blinking for 90 gold pieces
 33124 | Snake:2  | Found Kesoxiw's Armour Boutique.
 33147 | Snake:2  | Noticed Roxanne
 33167 | Snake:1  | Reached XP level 17. HP: 67/131 MP: 33/33
 33251 | Snake:1  | Found a frozen archway.
 33255 | IceCv    | Entered an ice cave
 34746 | Snake:1  | Identified the +6 quarterstaff "Ekheov" {vorpal, Int+2
                  | SInv}
 34962 | Snake:1  | Found Qufaon's Gadget Boutique.
 35174 | Snake:1  | Found Ramurph's Jewellery Shoppe.
 35175 | Snake:1  | Found Justreoke's Gadget Boutique.
 35779 | Snake:2  | Noticed Frances
 35790 | Snake:1  | Killed Frances
 37360 | Snake:3  | Reached skill level 10 in Conjurations
 37360 | Snake:3  | Reached skill level 10 in Hexes
 37360 | Snake:3  | Reached skill level 10 in Summonings
 37360 | Snake:3  | Reached skill level 10 in Translocations
 37360 | Snake:3  | Reached skill level 10 in Transmutations
 37360 | Snake:3  | Reached skill level 10 in Fire Magic
 37360 | Snake:3  | Reached skill level 10 in Ice Magic
 37360 | Snake:3  | Reached skill level 10 in Air Magic
 37360 | Snake:3  | Reached skill level 10 in Earth Magic
 37360 | Snake:3  | Reached skill level 10 in Poison Magic
 38072 | Snake:3  | Found Pamnec's General Store.
 38086 | Snake:3  | Bought a scroll of enchant armour for 97 gold pieces
 38086 | Snake:3  | Bought a potion of heal wounds for 65 gold pieces
 38530 | Snake:4  | Entered Level 4 of the Snake Pit
 38532 | Snake:4  | Found Dymp's Weapon Emporium.
 38867 | Snake:4  | Reached XP level 18. HP: 140/140 MP: 34/34
 39088 | Snake:4  | Got a brightly glowing mace
 39089 | Snake:4  | Identified the +5 mace of the Countless Coins {drain,
                  | Dex+5} (You found it on level 4 of the Snake Pit)
 39911 | Snake:4  | Reached skill level 13 in Invocations
 39958 | Snake:4  | HP: 1/140 [nagaraja/bolt of poison (20)]
 40936 | Snake:4  | Got a serpentine rune of Zot
 41403 | Snake:1  | Bought the amulet of Pantheism {rPois MR+ Regen+ Str-3} for
                  | 648 gold pieces
 42921 | Swamp:2  | Noticed Donald
 42921 | Swamp:2  | Noticed Jorgrun
 42927 | Swamp:2  | Killed Donald
 42931 | Swamp:2  | Killed Jorgrun
 43398 | Swamp:3  | Noticed Kirke
 43408 | Swamp:3  | Killed Kirke
 43580 | Swamp:3  | Noticed Bai Suzhen
 44205 | Swamp:4  | Entered Level 4 of the Swamp
 44294 | Swamp:4  | Noticed Nikola
 44297 | Swamp:4  | Reached XP level 19. HP: 147/147 MP: 28/36
 44306 | Swamp:4  | Killed Nikola
 45713 | Swamp:4  | Got a decaying rune of Zot
 46085 | Elf:1    | Entered Level 1 of the Elven Halls
 46270 | Elf:1    | Found a runed translucent door.
 46501 | Elf:1    | Reached skill level 14 in Invocations
 46661 | Elf:1    | Found Asetexus's Weapon Shoppe.
 46724 | Elf:1    | Identified the Catalogue of the Entourage
 47357 | Elf:2    | Identified the +11 falchion of Anxiety {vorpal, *Contam
                  | +Fly rPois rC++}
 47516 | Elf:2    | Reached XP level 20. HP: 156/156 MP: 37/37
 47729 | Elf:2    | Found a runed translucent gate.
 47729 | Elf:2    | Found a runed translucent gate.
 47735 | Elf:2    | Found a runed translucent gate.
 48876 | Elf:3    | Entered Level 3 of the Elven Halls
 50105 | Elf:3    | Found Vien's Distillery.
 50112 | Elf:3    | Bought a potion of heal wounds for 70 gold pieces
 50112 | Elf:3    | Bought a potion of cancellation for 112 gold pieces
 50112 | Elf:3    | Bought a potion of mutation for 112 gold pieces
 50112 | Elf:3    | Bought a potion of resistance for 140 gold pieces
 50112 | Elf:3    | Bought a potion of cancellation for 112 gold pieces
 50112 | Elf:3    | Bought a potion of might for 56 gold pieces
 50219 | Elf:3    | Found a shimmering blue altar of Sif Muna.
 50416 | Elf:3    | Got a clouded bronze amulet
 50417 | Elf:3    | Identified the amulet "Itted" {RegenMP Stlth+} (You found
                  | it on level 3 of the Elven Halls)
 50420 | Elf:3    | Identified the Tome of Companions
 50519 | Elf:3    | Reached XP level 21. HP: 155/164 MP: 33/39
 50541 | Elf:3    | Identified the ring of Egomania {rElec rPois rF- rN+++
                  | Dex+6}
 50603 | Elf:3    | Got a masterwork trident
 50607 | Elf:3    | Identified the +11 trident of the Desert {drain, *Corrode
                  | Str+5} (You found it on level 3 of the Elven Halls)
 50616 | Elf:3    | Got a brightly glowing mace
 50617 | Elf:3    | Identified the +10 mace of Nightmares {freeze, rN+++ Int-3
                  | Dex+3 Stlth+} (You found it on level 3 of the Elven Halls)
 50620 | Elf:3    | Got steaming fire dragon scales
 50621 | Elf:3    | Identified the +4 fire dragon scales "Bejamoddeom" {Harm
                  | rF++ rC- Stlth+} (You found it on level 3 of the Elven
                  | Halls)
 50623 | Elf:3    | Got a slimy fustibalus
 50626 | Elf:3    | Identified the +4 fustibalus "Uxyir" {venom, Str+2 Stlth+}
                  | (You found it on level 3 of the Elven Halls)
 50631 | Elf:3    | Got a bloodstained chain mail
 50634 | Elf:3    | Got a shimmering copper amulet
 50635 | Elf:3    | Identified the amulet "Ituplass" {Reflect rPois rF- Str+5
                  | SH+5} (You found it on level 3 of the Elven Halls)
 50637 | Elf:3    | Identified the Incunabulum of Evil Rites
 50639 | Elf:3    | Identified the Almanac of Earth and Bewitchment
 50641 | Elf:3    | Identified the Guide on Stones
 50645 | Elf:3    | Got a brightly glowing dagger
 50653 | Elf:3    | Got a sparkling tin ring
 50654 | Elf:3    | Identified the ring "Nomog" {rElec rC+ MR+ Stlth-} (You
                  | found it on level 3 of the Elven Halls)
 51194 | Vaults:1 | Entered Level 1 of the Vaults
 51530 | Vaults:1 | Reached skill level 15 in Invocations
 52684 | Vaults:1 | Got a fine shortbow
 52685 | Vaults:1 | Identified the +9 shortbow "Imp's Peril" {flame, rF+ SInv}
                  | (You found it on level 1 of the Vaults)
 53035 | Vaults:2 | Found Pyecos's Book Shoppe.
 53182 | Vaults:2 | Found Zoriosk's General Store.
 53231 | Vaults:2 | Found a magical portal.
 53240 | WizLab   | Entered Zonguldrok's Shrine
 53579 | WizLab   | Noticed an antique lich
 53596 | WizLab   | Killed an antique lich
 53596 | WizLab   | Reached skill level 15 in Spellcasting
 53596 | WizLab   | Reached XP level 22. HP: 128/172 MP: 39/41
 53654 | WizLab   | Found the +9 sword of Zonguldrok {reap}
 54189 | Vaults:2 | Found Agalel's Assorted Antiques.
 54674 | Vaults:3 | Found a staircase to the Crypt.
 54674 | Vaults:3 | Found a basalt altar of Yredelemnul.
 54675 | Vaults:3 | Found an ancient bone altar of Kikubaaqudgha.
 54753 | Vaults:3 | Reached skill level 15 in Dodging
 55097 | Vaults:3 | Got a slimy scimitar
 55100 | Vaults:3 | Identified the +6 scimitar of Noon {antimagic, rPois rC+}
                  | (You found it on level 3 of the Vaults)
 55126 | Vaults:3 | Reached skill level 15 in Stealth
 56425 | Vaults:4 | Got a clouded bone amulet
 56624 | Vaults:4 | Reached skill level 16 in Invocations
 56846 | Vaults:4 | Identified the amulet of Emeuree {Inacc rElec rPois Str-4
                  | Int+8} (You found it on level 4 of the Vaults)
 57100 | Vaults:4 | Reached XP level 23. HP: 174/180 MP: 27/42
 57719 | Depths:1 | Entered Level 1 of the Depths
 57726 | Depths:1 | Reached skill level 15 in Fighting
 57726 | Depths:1 | Reached skill level 15 in Short Blades
 57726 | Depths:1 | Reached skill level 15 in Long Blades
 57726 | Depths:1 | Reached skill level 15 in Axes
 57726 | Depths:1 | Reached skill level 15 in Maces & Flails
 57726 | Depths:1 | Reached skill level 15 in Polearms
 57726 | Depths:1 | Reached skill level 15 in Staves
 57726 | Depths:1 | Reached skill level 15 in Slings
 57726 | Depths:1 | Reached skill level 15 in Bows
 57726 | Depths:1 | Reached skill level 15 in Crossbows
 57726 | Depths:1 | Reached skill level 15 in Throwing
 57726 | Depths:1 | Reached skill level 15 in Armour
 57726 | Depths:1 | Reached skill level 15 in Shields
 57726 | Depths:1 | Reached skill level 15 in Unarmed Combat
 57726 | Depths:1 | Reached skill level 15 in Evocations
 58094 | Depths:1 | Found a gateway to Hell.
 58117 | Depths:1 | Noticed a caustic shrike
 58118 | Depths:1 | Noticed a caustic shrike
 58118 | Depths:1 | Noticed a caustic shrike
 58119 | Depths:1 | Noticed a caustic shrike
 58123 | Depths:1 | Killed a caustic shrike
 58127 | Depths:1 | Killed a caustic shrike
 58127 | Depths:1 | Killed a caustic shrike
 58127 | Depths:1 | Killed a caustic shrike
 58331 | Depths:1 | Found Cafuid's Antique Weapon Shoppe.
 58744 | Depths:1 | Identified the cursed +0 great sword of Calamity {venom,
                  | Int+6 Stlth-}
 58991 | Depths:2 | Found a corrupted altar of Lugonu.
 58991 | Depths:2 | Found a one-way gate to the infinite horrors of the Abyss.
 60067 | Depths:2 | Found a runed translucent door.
 60073 | Depths:2 | Found a runed translucent door.
 60073 | Depths:2 | Noticed a golden dragon
 60074 | Depths:2 | Noticed a golden dragon
 60650 | Depths:2 | Killed a golden dragon
 60650 | Depths:2 | Reached XP level 24. HP: 146/189 MP: 28/43
 60989 | D:14     | You paid a toll of +6 ice dragon scales to enter a treasure
                  | trove
 60990 | Trove    | Entered a treasure trove
 61017 | Trove    | Got a crude robe
 61047 | Trove    | Got a faintly glowing cloak
 61048 | Trove    | Identified the +1 cloak of the Original Sin {Dex+2 Stlth+}
                  | (You found it in a treasure trove)
 61051 | Trove    | Got a fine hat
 61052 | Trove    | Identified the +1 hat "Ixyghorph" {Str+3} (You found it in
                  | a treasure trove)
 61055 | Trove    | Got a steaming tower shield
 61061 | Trove    | Identified the +0 tower shield of Springtime {rElec rCorr
                  | Dex-5} (You found it in a treasure trove)
 61062 | Trove    | Got a polished cloak
 61063 | Trove    | Identified the +0 cloak "Ynilukh" {rElec rC++} (You found
                  | it in a treasure trove)
 61760 | Depths:2 | Found a corrupted altar of Lugonu.
 61760 | Depths:2 | Found a one-way gate to the infinite horrors of the Abyss.
 62295 | Depths:2 | Learned a level 5 spell: Lee's Rapid Deconstruction
 62439 | Depths:3 | Gained mutation: You tend to lose your temper in combat.
                  | [mutagenic glow]
 62689 | Depths:3 | Found a one-way gate leading to the halls of Pandemonium.
 63845 | Depths:4 | Paralysed by a floating eye for 4 turns
 63905 | Depths:4 | Reached skill level 17 in Invocations
 63914 | Depths:4 | Reached skill level 15 in Necromancy
 63947 | Depths:4 | Lost mutation: You tend to lose your temper in combat.
                  | [potion of mutation]
 63947 | Depths:4 | Gained mutation: You are partially covered in molten
                  | scales. (AC +2) [potion of mutation]
 63947 | Depths:4 | Gained mutation: You occasionally shout uncontrollably at
                  | your foes. [potion of mutation]
 63947 | Depths:4 | Lost mutation: You occasionally shout uncontrollably at
                  | your foes. [potion of mutation]
 63947 | Depths:4 | Gained mutation: You are agile. (Dex +2) [potion of
                  | mutation]
 63948 | Depths:4 | Lost mutation: You are agile. (Dex +2) [potion of mutation]
 63948 | Depths:4 | Lost mutation: You are partially covered in molten scales.
                  | (AC +2) [potion of mutation]
 63948 | Depths:4 | Gained mutation: You are clumsy. (Dex -2) [potion of
                  | mutation]
 63948 | Depths:4 | Gained mutation: You are somewhat resistant to further
                  | mutation. [potion of mutation]
 63949 | Depths:4 | Lost mutation: You are somewhat resistant to further
                  | mutation. [potion of mutation]
 63949 | Depths:4 | Lost mutation: You are clumsy. (Dex -2) [potion of
                  | mutation]
 63949 | Depths:4 | Gained mutation: You are surrounded by a mild repulsion
                  | field. (EV +2) [potion of mutation]
 63949 | Depths:4 | Gained mutation: Your mind is acute. (Int +2) [potion of
                  | mutation]
 64010 | Depths:4 | Lost mutation: Your mind is acute. (Int +2) [potion of
                  | mutation]
 64010 | Depths:4 | Lost mutation: You are surrounded by a mild repulsion
                  | field. (EV +2) [potion of mutation]
 64010 | Depths:4 | Gained mutation: Your system is resistant to poisons.
                  | (rPois) [potion of mutation]
 64010 | Depths:4 | Gained mutation: Your flesh is cold resistant. (rC+)
                  | [potion of mutation]
 64011 | Depths:4 | Lost mutation: Your system is resistant to poisons. (rPois)
                  | [potion of mutation]
 64011 | Depths:4 | Lost mutation: Your flesh is cold resistant. (rC+) [potion
                  | of mutation]
 64011 | Depths:4 | Gained mutation: You are partially covered in slimy green
                  | scales. (AC +2) [potion of mutation]
 64011 | Depths:4 | Gained mutation: You have large cloven feet. [potion of
                  | mutation]
 64011 | Depths:4 | Gained mutation: Armour fits poorly on your strangely
                  | shaped body. [potion of mutation]
 64011 | Depths:4 | Gained mutation: Your natural rate of healing is unusually
                  | fast. [potion of mutation]
 64012 | Depths:4 | Lost mutation: You have large cloven feet. [potion of
                  | mutation]
 64012 | Depths:4 | Gained mutation: You are somewhat resistant to further
                  | mutation. [potion of mutation]
 64013 | Depths:4 | Lost mutation: You are partially covered in slimy green
                  | scales. (AC +2) [potion of mutation]
 64013 | Depths:4 | Lost mutation: Armour fits poorly on your strangely shaped
                  | body. [potion of mutation]
 64013 | Depths:4 | Gained mutation: You have a pair of small horns on your
                  | head. [potion of mutation]
 64486 | Depths:4 | Noticed Sojobo
 64491 | Depths:4 | Killed Sojobo
 64745 | Depths:4 | Paralysed by a floating eye for 4 turns
 65698 | Depths:5 | Entered Level 5 of the Depths
 65698 | Depths:5 | Noticed a juggernaut
 65706 | Depths:5 | Killed a juggernaut
 65706 | Depths:5 | Reached XP level 25. HP: 160/197 MP: 29/43
 65838 | Depths:5 | Found a gateway to a ziggurat.
 66455 | Depths:5 | Found a gate to the Realm of Zot.
 66861 | Vaults:5 | Entered Level 5 of the Vaults
 66991 | Vaults:5 | Noticed an ancient lich
 67153 | Vaults:4 | Killed an ancient lich
 67673 | Vaults:5 | Noticed Jory
 67684 | Vaults:5 | Reached XP level 26. HP: 206/206 MP: 26/44
 67710 | Vaults:5 | Identified the ring "Feepew" {*Drain rF+ MR+ Str+8}
 67820 | Vaults:5 | Reached skill level 18 in Invocations
 67927 | Vaults:5 | Identified the +5 scale mail of Gebbouja {rC+ rN+ MR+}
 68078 | Vaults:5 | HP: 8/206 [Jory/vampiric draining (33)]
 68284 | Vaults:5 | Noticed an ancient lich
 68284 | Vaults:5 | Identified the +2 tower shield "Vetagi" {+Inv}
 68311 | Vaults:5 | Killed an ancient lich
 68464 | Vaults:5 | Identified the +5 hunting sling of Demonkind {freeze,
                  | Stlth+}
 68558 | Vaults:5 | Identified the +11 quarterstaff of the Lurker {vorpal,
                  | Str+7 Dex+2}
 68599 | Vaults:4 | Killed Jory
 68992 | Vaults:5 | Got a pair of steaming gloves
 69076 | Vaults:5 | Found Hir Riamu's Gadget Shop.
 69108 | Vaults:5 | Noticed Margery
 69123 | Vaults:5 | Killed Margery
 69279 | Vaults:5 | Got a shimmering chain mail
 69281 | Vaults:5 | Identified the Reference Book on Torrid Air
 69425 | Vaults:5 | Got a silver rune of Zot
 69623 | Vaults:5 | Identified the +4 pair of gloves "Otuud" {rC- Str+4 SInv
                  | Stlth+} (You found it on level 5 of the Vaults)
 69902 | Zot:1    | Entered Level 1 of the Realm of Zot
 70019 | Zot:1    | Got a brightly glowing spear
 70933 | Zot:2    | Noticed a Killer Klown
 70933 | Zot:2    | Noticed a Killer Klown
 71004 | Zot:2    | Reached XP level 27. HP: 187/215 MP: 39/44
 71238 | Zot:2    | Noticed an ancient lich
 71619 | Zot:2    | Reached skill level 15 in Conjurations
 71619 | Zot:2    | Reached skill level 15 in Hexes
 71619 | Zot:2    | Reached skill level 15 in Summonings
 71619 | Zot:2    | Reached skill level 15 in Translocations
 71619 | Zot:2    | Reached skill level 15 in Transmutations
 71619 | Zot:2    | Reached skill level 15 in Fire Magic
 71619 | Zot:2    | Reached skill level 15 in Ice Magic
 71619 | Zot:2    | Reached skill level 15 in Air Magic
 71619 | Zot:2    | Reached skill level 15 in Earth Magic
 71619 | Zot:2    | Reached skill level 15 in Poison Magic
 71751 | Zot:2    | Killed an ancient lich
 72599 | Zot:3    | Reached skill level 19 in Invocations
 73723 | Zot:4    | Noticed an orb of fire
 73723 | Zot:4    | Gained mutation: Scrolls take you a little longer to read.
                  | [an orb of fire]
 73724 | Zot:4    | Paralysed by a Zot trap for 3 turns
 73749 | Zot:4    | HP: 2/216 [death cob (19)]
 73872 | Zot:3    | Lost mutation: You are somewhat resistant to further
                  | mutation. [potion of mutation]
 73872 | Zot:3    | Lost mutation: You have a pair of small horns on your head.
                  | [potion of mutation]
 73872 | Zot:3    | Lost mutation: Scrolls take you a little longer to read.
                  | [potion of mutation]
 73872 | Zot:3    | Gained mutation: You heal very quickly. [potion of
                  | mutation]
 73872 | Zot:3    | Gained mutation: You regenerate. [potion of mutation]
 73943 | Zot:4    | Got a polished ring mail
 74184 | Zot:4    | Killed an orb of fire
 74712 | Zot:5    | Entered Level 5 of the Realm of Zot
 75957 | Zot:5    | Noticed an ancient lich
 75975 | Zot:5    | Killed an ancient lich
 76068 | Zot:5    | Noticed an orb of fire
 76069 | Zot:5    | Gained mutation: You are partially covered in slimy green
                  | scales. (AC +2) [an orb of fire]
 76072 | Zot:5    | Gained mutation: Armour fits poorly on your strangely
                  | shaped body. [an orb of fire]
 76086 | Zot:5    | Killed an orb of fire
 76151 | Zot:5    | Noticed an orb of fire
 76153 | Zot:5    | Gained mutation: Your body sometimes deteriorates upon
                  | taking damage. [an orb of fire]
 76154 | Zot:5    | Gained mutation: You are occasionally teleported next to
                  | monsters. [an orb of fire]
 76166 | Zot:5    | Killed an orb of fire
 76215 | Zot:5    | Lost mutation: Armour fits poorly on your strangely shaped
                  | body. [potion of mutation]
 76215 | Zot:5    | Gained mutation: Your spells are a little easier to cast,
                  | but a little less powerful. [potion of mutation]
 76215 | Zot:5    | Gained mutation: You have sharp fingernails. [potion of
                  | mutation]
 76215 | Zot:5    | Gained mutation: You have a pair of small antennae on your
                  | head. [potion of mutation]
 76216 | Zot:5    | Lost mutation: Your body sometimes deteriorates upon taking
                  | damage. [potion of mutation]
 76216 | Zot:5    | Lost mutation: You are occasionally teleported next to
                  | monsters. [potion of mutation]
 76216 | Zot:5    | Lost mutation: You regenerate. [potion of mutation]
 76216 | Zot:5    | Lost mutation: You have sharp fingernails. [potion of
                  | mutation]
 76216 | Zot:5    | Gained mutation: You can translocate small distances at
                  | will. [potion of mutation]
 76283 | Zot:5    | Learned a level 9 spell: Shatter
 76342 | Zot:5    | Noticed an orb of fire
 76356 | Zot:5    | Gained mutation: You are weak. (Str -2) [an orb of fire]
 76363 | Zot:5    | Gained mutation: You are frail. (-10% HP) [an orb of fire]
 76367 | Zot:5    | Killed an orb of fire
 76383 | Zot:5    | Noticed an orb of fire
 76385 | Zot:5    | Noticed an ancient lich
 76389 | Zot:5    | Gained mutation: You are dopey. (Int -2) [an orb of fire]
 76395 | Zot:5    | HP: 3/197 [orb of fire/bolt of fire (31)]
 76396 | Zot:5    | Killed from afar by an orb of fire

Illustrated notes

Levels and vault maps discovered:
D:1:      doesnt_arrival_eight_statues, layout_loops_ring
D:2:      layout_loops_cross, cheibriados_altar_1, uniq_natasha, uniq_robin
D:3:      layout_basic, lemuel_doored_altar
D:4:      layout_gridville, grunt_temple_overflow_gold_and_silver,
          eat_drink_and_be_merry_uskayaw, serial_shops, kennysheep_little_box,
          serial_forest, infiniplex_forest_straight_3,
          infiniplex_forest_corner_1, infiniplex_forest_zigzag_1,
          infiniplex_forest_straight_4, infiniplex_forest_straight_2,
          infiniplex_forest_end_3, infiniplex_forest_straight_2,
          nicolae_qazlal_general_emergency
D:5:      layout_loops_ring
D:6:      kennysheep_windowed_halls, layout_loops_cross, kennysheep_mini,
          nicolae_overflow_crystal_walls, fedhas_altar_2,
          uniq_crazy_yiuf_cottage
D:7:      layout_cave_pools, minmay_temple_entry_drinking_statues,
          minmay_guarded_unrand_staff_of_olgreb
D:8:      layout_cave_pools, marbit_many_paths
D:9:      layout_loops_corners, kennysheep_mini_moat
D:10:     layout_cave_pools, serial_column_ruins, column_ruins_hut,
          column_ruins_hut_water, column_ruins_grid_1, column_ruins_grid_1,
          column_ruins_columns_corner, column_ruins_grid_3
D:11:     layout_long_grid, dpeg_lair_monsters, ebering_ghost_gozag
D:12:     layout_irregular_city, serial_shops,
          nicolae_shop_temple_entry_statues_fountains, lemuel_freeze_loot_1
D:13:     layout_irregular_city, david_vaults_4, minmay_starry_boxes
D:14:     layout_roguey, nicolae_trove_entry_crystal, kennysheep_doodads,
          sword_in_stone
D:15:     grunt_enter_depths_hoard, layout_grid_maze, roderic_cross_of_infinity,
          st_stairs_7, drop_trap, jmf_multi_god_temple2
Lair:1:   wad_woods_structure_01, layout_layer_cave, uniq_urug, uniq_fannar
Lair:2:   layout_cave_pods, guppyfry_snake_entry_island, special_room
          [special_room_bee]
Lair:3:   layout_cave_pods, minmay_lair_oklob_chamber, grunt_megastairs_5
Lair:4:   layout_gridlike, palyth_hydra_swamp_entry, basic_altar, uniq_rupert
Lair:5:   layout_gridlike, minmay_slime_entry_oklob_enclosed
Lair:6:   evilmike_catoblepas_cave, layout_regular_city, gauntlet_entry_generic,
          lemuel_fruit_fields, grunt_megastairs_3, infiniplex_staircase_pool
Swamp:1:  layout_falls_marsh, evilmike_swamp_ruin_rubble_2, swamp_pool2
Swamp:2:  layout_basic_swamp, evilmike_swamp_ruin_house_3, swamp_pool3,
          worms_lemuel, uniq_donald, uniq_jorgrun
Swamp:3:  layout_falls_marsh, nicolae_swamp_triple_paths, swamp_pool1,
          uniq_bai_suzhen, uniq_kirke
Swamp:4:  swamp_basic_johnstein, layout_basic_swamp,
          infiniplex_staircase_pool_2, uniq_nikola
Snake:1:  layout_honeycomb, portal_ice_cave_entry_pillars_three,
          minmay_shop_grove
Snake:2:  layout_rooms, minmay_shoptagon, uniq_frances, uniq_roxanne
Snake:3:  layout_cave_town, serial_shops, shop, nicolae_snake_round_shape_thing,
          drop_trap, grunt_megastairs_4, lemuel_fruit_tree
Snake:4:  minmay_snake_end_coiled, layout_cave_town, serial_shops,
          nicolae_shop_statue_plus, grunt_ministairs_13, abandoned_shop,
          st_stairs_7
Orc:1:    layout_caves
Orc:2:    pubby_orc_utopia, serial_shops
Elf:1:    layout_gridlike, serial_shops, nicolae_shop_behind_doors,
          minmay_elf_demonology, minivault_13
Elf:2:    layout_loops_cross
Elf:3:    minmay_elf_hall_statues, layout_gridlike, serial_shops,
          nicolae_shop_temple_entry_statues_fountains, roderic_roman_lattice,
          hangedman_summoners_spam
Vaults:1: v_misc_4, st_quartered_hall, grunt_vaults_diagonal,
          nicolae_vaults_little_squares_4, ontoclasm_vaults_shuriken,
          vaults_mumra_lcd, v_alt_pattern_2, v_misc_26,
          vaults_room_grunt_arrival_ludios, v_misc_22, layout_vaults_omnigrid
Vaults:2: grunt_vaults_hallway_long, v_rooms_3, v_pattern_3, v_misc_2,
          vaults_room_pools, vaults_room_stairs_pillars, vaults_room_grid,
          nicolae_vaults_little_squares_4, hangedman_vaults_cutoff,
          layout_vaults_omnibox, mu_enter_wizlab_5, serial_shops,
          nicolae_shop_trees, shop, nicolae_shop_waterfront
Vaults:3: minmay_crypt_entry_necro_gods, nicolae_vaults_circle_grid_a,
          nicolae_vaults_ninety_degrees, vaults_mumra_chevron_long,
          nicolae_vaults_alarming, hangedman_vaults_snaps, grunt_vaults_funnel,
          nicolae_vaults_little_squares_5, nicolae_vaults_border_crossing,
          grunt_vaults_hallway_short, ontoclasm_vaults_gallery,
          vaults_dpeg_cross, layout_vaults_ring
Vaults:4: nicolae_vaults_inception_statues, ontoclasm_vaults_eye,
          ontoclasm_vaults_ring_small, nicolae_vaults_little_squares_1,
          nicolae_vaults_disjoint_gnomons, hangedman_vaults_nails, v_misc_25,
          ontoclasm_vaults_ring_small, vaults_room_semicircle, v_misc_5,
          vaults_room_large_hall, v_misc_9, vaults_room_fours,
          nicolae_vaults_little_squares_1, layout_vaults_maze_bifur
Vaults:5: serial_shops, uniq_jory, uniq_margery
Depths:1: layout_gridville, serial_shops, nicolae_shop_crystal, nicolae_sextant,
          grunt_mini_vestibule, horrible_house_mu, serial_bayou_shore_b
Depths:2: thingy_vault_2, layout_cave_pools, hellmouth_1, grunt_decor_arrowhead,
          abyss_entry_flame_altar, patterned_corridor, serial_bayou_shore_b
Depths:3: abrahamwl_protected_by_tso_1, layout_basic, hangedman_geh_valley,
          minmay_parallelograms, pan_entry, abyss_entry
Depths:4: kennysheep_blocky_room, layout_twisted_cross,
          grunt_hell_entry_dis_grunt, abandoned_shop, marbit_kobold_abyss_entry,
          pan_entry, minmay_tree_intersection, drop_trap, uniq_sojobo
Depths:5: grunt_zot_entry_bicorn, layout_cave_pools, enter_ziggurat_c,
          hell_entry, minmay_misc_feat_tiny
Zot:1:    layout_basic, st_stairs_9
Zot:2:    ebering_klown_carousel, layout_gridlike
Zot:3:    kennysheep_room_grid, layout_twisted_circle, grunt_ministairs_9
Zot:4:    layout_basic, grunt_megastairs_1
Zot:5:    layout_concentric_octagons

Skill      XL: |  1  2  3  4  5  6  7  8  9 10 11 12 13 14 15 16 17 18 19 20 21 22 23 24 25 26 27 |
---------------+----------------------------------------------------------------------------------+-----
Spellcasting   | 5 6 7 8 9 10 11 12 13 14 15 16 17 18 | 18.9
Invocations    | 1 2 3 4 5 6 7 8 9 10 11 12 13 14 15 16 17 18 19 | 19.8
Fighting       | 1 2 3 4 5 6 7 8 9 10 11 12 13 14 15 16 17 18 | 18.4
Short Blades   | 1 2 3 4 5 6 7 8 9 10 11 12 13 14 15 16 17 18 | 18.4
Long Blades    | 1 2 3 4 5 6 7 8 9 10 11 12 13 14 15 16 17 18 | 18.4
Axes           | 1 2 3 4 5 6 7 8 9 10 11 12 13 14 15 16 17 18 | 18.4
Maces & Flails | 1 2 3 4 5 6 7 8 9 10 11 12 13 14 15 16 17 18 | 18.4
Polearms       | 1 2 3 4 5 6 7 8 9 10 11 12 13 14 15 16 17 18 | 18.4
Staves         | 1 2 3 4 5 6 7 8 9 10 11 12 13 14 15 16 17 18 | 18.4
Slings         | 1 2 3 4 5 6 7 8 9 10 11 12 13 14 15 16 17 18 | 18.4
Bows           | 1 2 3 4 5 6 7 8 9 10 11 12 13 14 15 16 17 18 | 18.4
Crossbows      | 1 2 3 4 5 6 7 8 9 10 11 12 13 14 15 16 17 18 | 18.4
Throwing       | 1 2 3 4 5 6 7 8 9 10 11 12 13 14 15 16 17 18 | 18.4
Armour         | 1 2 3 4 5 6 7 8 9 10 11 12 13 14 15 16 17 18 | 18.4
Shields        | 1 2 3 4 5 6 7 8 9 10 11 12 13 14 15 16 17 18 | 18.4
Unarmed Combat | 1 2 3 4 5 6 7 8 9 10 11 12 13 14 15 16 17 18 | 18.4
Evocations     | 1 2 3 4 5 6 7 8 9 10 11 12 13 14 15 16 17 18 | 18.4
Conjurations   | 1 2 3 4 5 6 7 8 9 10 11 12 13 14 15 | 15.9
Hexes          | 1 2 3 4 5 6 7 8 9 10 11 12 13 14 15 | 15.9
Summonings     | 1 2 3 4 5 6 7 8 9 10 11 12 13 14 15 | 15.9
Translocations | 1 2 3 4 5 6 7 8 9 10 11 12 13 14 15 | 15.9
Transmutations | 1 2 3 4 5 6 7 8 9 10 11 12 13 14 15 | 15.9
Fire Magic     | 1 2 3 4 5 6 7 8 9 10 11 12 13 14 15 | 15.9
Ice Magic      | 1 2 3 4 5 6 7 8 9 10 11 12 13 14 15 | 15.9
Air Magic      | 1 2 3 4 5 6 7 8 9 10 11 12 13 14 15 | 15.9
Earth Magic    | 1 2 3 4 5 6 7 8 9 10 11 12 13 14 15 | 15.9
Poison Magic   | 1 2 3 4 5 6 7 8 9 10 11 12 13 14 15 | 15.9
Dodging        | 5 6 7 8 9 10 11 12 13 14 15 16 17 18 | 18.8
Stealth        | 5 6 7 8 9 10 11 12 13 14 15 16 17 18 | 18.7
Necromancy     | 8 9 10 11 12 13 14 15 16 17 | 17.0

Action                   |  1- 3 |  4- 6 |  7- 9 | 10-12 | 13-15 | 16-18 | 19-21 | 22-24 | 25-27 || total
-------------------------+-------+-------+-------+-------+-------+-------+-------+-------+-------++-------
Melee: Dagger            |    14 |    28 |   195 |       |       |       |       |       |       ||   237
       Bite              |     1 |     4 |    51 |   151 |   134 |   208 |   202 |   211 |   456 ||  1418
       Punch             |       |       |     8 |       |       |       |       |       |       ||     8
       Flail             |       |       |   128 |   393 |       |       |       |       |       ||   521
       Whip              |       |       |       |   275 |   566 |    19 |       |       |       ||   860
       Long sword        |       |       |       |       |       |   264 |       |       |       ||   264
       Demon trident     |       |       |       |       |       |   873 |  1021 |  1055 |  2129 ||  5078
       Double sword      |       |       |       |       |       |       |       |    35 |       ||    35
       Headbutt          |       |       |       |       |       |       |       |    44 |   580 ||   624
 Fire: Hand crossbow     |       |       |       |       |       |   366 |       |       |       ||   366
 Cast: Pain              |    50 |   123 |   104 |       |       |       |       |       |       ||   277
       Poisonous Vapours |       |       |       |   197 |   160 |    71 |    88 |    24 |    25 ||   565
       Olgreb's Toxic Ra |       |       |       |    10 |   123 |    64 |   117 |   102 |   111 ||   527
       Ignite Poison     |       |       |       |     6 |    50 |    28 |    64 |    37 |    46 ||   231
       Lee's Rapid Decon |       |       |       |       |       |       |       |     2 |       ||     2
       Shatter           |       |       |       |       |       |       |       |       |     1 ||     1
Invok: Temporal Distorti |       |       |     1 |       |       |       |       |       |     1 ||     2
       Slouch            |       |       |     1 |     6 |     2 |     7 |     2 |     5 |    10 ||    33
       Step From Time    |       |       |       |       |       |       |       |     1 |     6 ||     7
Evoke: Wand              |       |       |       |     7 |    17 |     5 |     2 |     2 |    24 ||    57
  Use: Scroll            |     7 |     9 |     6 |    12 |     7 |    17 |    14 |    22 |    26 ||   120
       Potion            |       |       |     1 |     5 |       |     6 |     1 |     9 |    21 ||    43
 Stab: Sleeping          |       |     1 |       |     2 |     2 |    13 |    18 |    35 |       ||    71
       Distracted        |       |       |       |       |       |     7 |     6 |    11 |       ||    24
       Confused          |       |       |       |       |       |       |     4 |     1 |       ||     5
Armor: Robe              |     8 |       |       |       |       |       |       |       |       ||     8
       Chain mail        |       |    26 |   147 |   158 |       |       |       |       |       ||   331
       Storm dragon scal |       |       |       |   139 |   125 |   258 |   228 |       |       ||   750
       Skin              |       |       |       |    15 |       |       |       |       |       ||    15
       Fire dragon scale |       |       |       |       |       |       |    34 |   119 |    24 ||   177
       Gold dragon scale |       |       |       |       |       |       |       |       |   710 ||   710
Dodge: Dodged            |    17 |    33 |   202 |   479 |   374 |   490 |   403 |   428 |   845 ||  3271
Block: Buckler           |       |       |     7 |   277 |   206 |    36 |       |       |       ||   526
       Tower shield      |       |       |       |       |       |  1254 |   854 |   875 |  1965 ||  4948
       Reflection        |       |       |       |       |       |   100 |       |       |       ||   100
       Rpst.: Long sword |       |       |       |       |       |    20 |       |       |       ||    20
       Double sword      |       |       |       |       |       |       |       |     2 |       ||     2

Table legend: (Time is in decaauts)
 A = Elapsed time spent in this place.
 B = Non-inter-level travel time spent in this place.
 C = Inter-level travel time spent in this place.
 D = Time resting spent in this place.
 E = Time spent auto-exploring this place.
 F = Levels seen in this place.
 G = Mean time per level.
                   A        B        C        D        E       F      G
               +--------+--------+--------+--------+--------+-----+--------+
         Total | 110608 |  99837 |  10771 |   2289 |  79511 |  53 | 2086.9 |
       Dungeon |  27175 |  23784 |   3391 |    903 |  18507 |  15 | 1811.7 |
          Lair |  14560 |  12918 |   1642 |     75 |  11398 |   6 | 2426.7 |
         Swamp |   7320 |   6874 |    446 |      0 |   5965 |   4 | 1830.0 |
     Snake Pit |   9918 |   9327 |    591 |    201 |   7443 |   4 | 2479.5 |
  Orcish Mines |   5531 |   4911 |    620 |      0 |   4109 |   2 | 2765.5 |
   Elven Halls |   6952 |   6503 |    449 |      0 |   5103 |   3 | 2317.3 |
        Vaults |  13430 |  11646 |   1784 |    205 |   8902 |   5 | 2686.0 |
        Depths |  12748 |  11354 |   1394 |    198 |   9147 |   5 | 2549.6 |
           Zot |   9227 |   8775 |    452 |    247 |   6541 |   5 | 1845.4 |
         Trove |    228 |    228 |      0 |      0 |     34 |   1 |  228.0 |
      Ice Cave |   1658 |   1658 |      0 |      0 |   1414 |   1 | 1658.0 |
        Wizlab |    603 |    603 |      0 |      0 |    322 |   1 |  603.0 |
      Gauntlet |   1250 |   1250 |      0 |    460 |    622 |   1 | 1250.0 |
               +--------+--------+--------+--------+--------+-----+--------+

Top non-repeatable levels by time:
Depths:2: 4742 daAuts
   Orc:2: 4367 daAuts
Vaults:4: 3627 daAuts
 Snake:4: 3616 daAuts
  Lair:4: 2930 daAuts
  Lair:1: 2910 daAuts
Vaults:1: 2900 daAuts
   Elf:3: 2883 daAuts
Vaults:5: 2726 daAuts
  Lair:6: 2623 daAuts
    D:12: 2492 daAuts
  Lair:3: 2403 daAuts
 Swamp:4: 2386 daAuts
    D:13: 2360 daAuts
Depths:4: 2338 daAuts
